 Dungeon Crawl Stone Soup version 0.20-a0-1122-gb7cbeb9 (webtiles) character file.

1108 anfisbena the Skirmisher (level 8, -2/45 HPs)
             Began as a Vine Stalker Fighter on May 14, 2017.
             Killed by divine providence
             ... invoked by an orc priest
              (14 damage)
             ... on level 5 of the Dungeon.
             The game lasted 00:05:18 (3911 turns).

anfisbena the Skirmisher (Vine Stalker Fighter)     Turns: 3911, Time: 00:05:19

Health: -2/45      AC:  7    Str: 18 (20) XL:     8   Next: 33%
Magic:  0/9        EV:  7    Int:  6 (8)  God:
Gold:   178        SH:  9    Dex: 15 (17) Spells: 7/7 levels left

rFire    . . .     SeeInvis .   a - +0 long sword
rCold    . . .     Gourm    .   c - +0 shield
rNeg     . . .     Faith    .   b - +0 scale mail
rPois    .         Spirit   +   n - +0 helmet
rElec    .         Reflect  .   (no cloak)
rCorr    .         Harm     .   (no gloves)
MR       ++...     Rnd*Rage +   (no boots)
Stlth    +.........             (no amulet)
Regen    0.6/turn               s - +2 ring of dexterity
MPRegen  0.2/turn               t - ring of stealth

@: no status effects
A: fangs 3, berserk 1, magic resistance 1, regeneration 1, screaming 1, magic
shield, antimagic bite, no potion heal 3, rot immunity, MP-powered wands
a: no special abilities


You were on level 5 of the Dungeon.
You were not hungry.

You visited 1 branch of the dungeon, and saw 5 of its levels.

You collected 178 gold pieces.

Inventory:

Hand Weapons
 a - a +0 long sword (weapon)
Armour
 b - a +0 scale mail (worn)
 c - a +0 shield (worn)
 n - a +0 helmet (worn)
Jewellery
 m - an uncursed ring of protection from cold
 s - a +2 ring of dexterity (left hand)
 t - a ring of stealth (right hand)
Scrolls
 g - 2 scrolls of fear {unknown}
 h - a scroll of remove curse
 j - a scroll of fog {unknown}
 l - 2 scrolls of teleportation
 p - a scroll of magic mapping {unknown}
 r - a scroll of random uselessness {unknown}
 u - a scroll of blinking {unknown}
 v - a scroll of immolation {unknown}
 x - 2 scrolls of identify {unknown}
Potions
 e - 2 potions of curing
Comestibles
 f - 3 bread rations
 i - a royal jelly
 k - 3 meat rations
 o - 20 chunks of flesh


   Skills:
 + Level 6.8 Fighting
 + Level 6.3 Long Blades
 - Level 2.4 Armour
 - Level 2.6 Shields


You had 7 spell levels left.
You didn't know any spells.

Dungeon Overview and Level Annotations

Branches:
Dungeon (5/15)
 Temple: D:4-7

Altars:
Yredelemnul

Annotations:
D:5 Pikel


Innate Abilities, Weirdness & Mutations

You have razor-sharp teeth.
Your natural rate of healing is unusually fast.
When hurt, damage is shared between your health and your magic reserves.
Your bite disrupts and absorbs the magic of your enemies.
Potions cannot restore your health.
You are immune to rotting.
You tend to lose your temper in combat.
You are resistant to hostile enchantments. (MR+)
You occasionally shout uncontrollably at your foes.
You expend magic power (3 MP) to strengthen your wands.


Message History

You slash the centaur!
You kill the centaur!
You feel your strength returning.
The orc priest calls down the wrath of Beogh upon you.
Beogh smites you!
* * * LOW HITPOINT WARNING * * *
You barely miss the orc. Your bite misses the orc. The orc barely misses you.
You slash the orc!
You kill the orc!
The orc priest mumbles some strange prayers to Beogh against you.
Beogh smites you!
* * * LOW HITPOINT WARNING * * *
You see here an arrow.
The orc wizard casts a spell.
The orc wizard seems to speed up.
You see here 2 arrows.
You see here an arrow.
The orc priest calls down the wrath of Beogh upon you.
Beogh smites you!
You die...

#.....#
#.....#
#.?o..#
#.....#
###(..#
#.S.#
###o..#
#.(##......
##@########
# ###
###..# #
#.# #.##.##
###.#
####.##..#
.##.#
#........#
.##.#
#........##
..#.#
#.........#
#...#####
#.)########
#.......#
#))#


You could see an orc priest, an orc wizard and a ball python.

Vanquished Creatures
  2 slaves (D:4)
  A sky beast (D:5)
  A phantom (D:4)
  2 centaurs
  An ogre (D:4)
  3 scorpions (D:4)
  The ghost of Doomer the Skirmisher, a weakling DsFi of Hepliaklqana (D:3)
  A howler monkey (D:4)
  An orc priest (D:5)
  2 hounds (D:4)
  A gnoll shaman (D:4)
  5 orc wizards
  A worker ant (D:4)
  3 adders
  5 gnolls (D:4)
  An adder skeleton (D:4)
  A dart slug (D:1)
  A leopard gecko (D:3)
  16 orcs
  3 giant cockroaches
  9 goblins
  7 hobgoblins
  15 jackals
  2 kobolds
  4 quokkas
  3 ball pythons
  8 bats
  5 frilled lizards
  2 gnoll zombies (D:2)
  A leopard gecko skeleton (D:5)
  A quokka skeleton (D:4)
  11 rats
120 creatures vanquished.

Notes
Turn   | Place    | Note
-------+----------+-------------------------------------------
     0 | D:1      | anfisbena the Vine Stalker Fighter began the quest for the Orb.
     0 | D:1      | Reached XP level 1. HP: 11/11 MP: 2/2
    48 | D:1      | Reached XP level 2. HP: 8/16 MP: 0/3
   638 | D:2      | Reached XP level 3. HP: 6/20 MP: 4/4
  1600 | D:2      | Gained mutation: Your natural rate of healing is unusually fast. [Vine Stalker growth]
  1600 | D:2      | Reached XP level 4. HP: 14/25 MP: 3/5
  1626 | D:2      | Found a basalt altar of Yredelemnul.
  1796 | D:3      | Noticed Doomer's ghost (weakling DsFi)
  1812 | D:3      | Killed Doomer's ghost
  1924 | D:3      | Reached XP level 5. HP: 29/29 MP: 4/6
  2637 | D:4      | Reached XP level 6. HP: 34/34 MP: 7/7
  2872 | D:4      | Reached skill level 5 in Fighting
  2954 | D:4      | Reached XP level 7. HP: 24/39 MP: 6/8
  3027 | D:4      | Reached skill level 5 in Long Blades
  3543 | D:4      | Gained mutation: You have razor-sharp teeth. [Vine Stalker growth]
  3543 | D:4      | Reached XP level 8. HP: 44/44 MP: 9/9
  3623 | D:5      | Entered Level 5 of the Dungeon
  3623 | D:5      | Noticed Pikel
  3746 | D:5      | Gained mutation: You tend to lose your temper in combat. [mutagenic meat]
  3747 | D:5      | Gained mutation: You are resistant to hostile enchantments. (MR+) [mutagenic meat]
  3748 | D:5      | Gained mutation: You occasionally shout uncontrollably at your foes. [mutagenic meat]
  3750 | D:5      | Gained mutation: You expend magic power (3 MP) to strengthen your wands. [mutagenic meat]
  3911 | D:5      | Killed from afar by an orc priest

Vault maps used:
D:1:      tarquinn_simple_flora_water_d
D:2:      lemuel_zombie_altar_yredelemnul, first_bread
D:4:      minmay_bent
D:5:      zin_purify, fedhas_altar_4, kennysheep_generic_room_9, uniq_eustachio,
          uniq_crazy_yiuf_cottage, uniq_pikel

Skill      XL: |  1  2  3  4  5  6  7  8 |
---------------+-------------------------+-----
Long Blades    | 2 3 4 5 6 |  6.3
Fighting       | 3 4 5 6 |  6.8
Armour         | |  2.4
Shields        | |  2.6

Action                   |  1- 3 |  4- 6 |  7- 9 || total
-------------------------+-------+-------+-------++-------
Melee: Long sword        |   103 |   138 |   131 ||   372
       Bite              |    32 |    53 |    47 ||   132
  Use: Potion            |       |     1 |     5 ||     6
       Scroll            |       |     3 |       ||     3
  Eat: Chunk             |     2 |     5 |     8 ||    15
Armor: Scale mail        |    49 |    70 |    57 ||   176
Dodge: Dodged            |    36 |    52 |    42 ||   130
Block: Shield            |    56 |    62 |    95 ||   213
       Rpst.: Long sword |    10 |    26 |    13 ||    49
